 Dungeon Crawl Stone Soup version 0.32-a0-791-gfc315c9ecd (webtiles) character file.

Game seed: 449949368856809017

47 zenocrate the Sneak (level 3, -1/23 HPs)
             Began as an Octopode Earth Elementalist on Mar 20, 2024.
             Slain by a gnoll bouda
             ... wielding a +0 club
              (8 damage)
             ... on level 2 of the Dungeon.
             The game lasted 00:01:26 (1167 turns).

zenocrate the Sneak (Octopode Earth Elementalist)   Turns: 1167, Time: 00:01:27

Health: -1/23      AC:  1    Str:  7    XL:     3   Next: 70%
Magic:  5/6        EV: 12    Int: 17    God:
Gold:   70         SH:  0    Dex: 14    Spells: 2/6 levels left

rFire   . . .        b - staff of earth
rCold   . . .        (no shield)
rNeg    . . .        (helmet restricted)
rPois   .            (no amulet)
rElec   .            (no ring)
rCorr   .            (no ring)
SInv    .            (no ring)
Will    .....        (no ring)
Stlth   ++           (no ring)
HPRegen 0.23/turn    (no ring)
MPRegen 0.10/turn    (no ring)
                     (no ring)

%: no passive effects
@: confused, ambrosia-drunk, very slightly contaminated
A: almost no armour, amphibious, 8 rings, camouflage 1, gelatinous body 1,
(nimble swimmer 1), tentacles
a: no special abilities


You were on level 2 of the Dungeon.
You visited 1 branch of the dungeon, and saw 2 of its levels.

You collected 70 gold pieces.

Inventory:

Hand Weapons
 a - a +1 dagger of speed
Magical Staves
 b - a staff of earth (weapon)
Talismans
 c - a maw talisman
Scrolls
 d - 3 scrolls of identify {unknown}
 e - a scroll of fog {unknown}
 f - a scroll of blinking {unknown}
 i - a scroll of noise {unknown}
 j - a scroll of enchant weapon {unknown}
Potions
 h - a potion of berserk rage {unknown}
 k - a potion of might {unknown}
 l - a potion of curing {unknown}
 m - a potion of magic


   Skills:
 + Level 1.0 Fighting
 + Level 2.4 Dodging
 + Level 3.2 Stealth
 + Level 0.8 Unarmed Combat
 + Level 2.3 Spellcasting
 + Level 1.3 Conjurations
 + Level 3.1 Earth Magic
 + Level 0.0 Evocations
 - Level 0.1 Shapeshifting


You had 2 spell levels left.
You knew the following spells:

 Your Spells              Type           Power      Damage    Failure   Level
a - Sandblast             Erth           38%        2d10      4%          1
b - Stone Arrow           Conj/Erth      28%        3d8       22%         3

Your spell library contained the following spells:

 Spells                   Type           Power      Damage    Failure   Level
 Slow                     Hex            4%         N/A       19%         1
 Passwall                 Erth           19%        N/A       16%         3
 Confusing Touch          Hex            1%         N/A       50%         3
 Vampiric Draining        Necr           1%         2d6       50%         3
 Brom's Barrelling Bould  Conj/Erth      14%        2d4       58%         4
 Petrify                  Alch/Erth      11%        N/A       69%         4


Dungeon Overview and Level Annotations

Branches:
Dungeon (2/15)

Altars:


Innate Abilities, Weirdness & Mutations

You cannot wear most types of armour.
You are amphibious.
You can wear up to eight rings at the same time.
Your skin changes colour to match your surroundings (Stealth+).
Your rubbery body absorbs attacks. (AC +1, EV +1)
((You are camouflaged when in or above water. (Stealth+)))
You have tentacles for arms and can constrict up to eight enemies at once.


Message History

You feel a surge of power!
You miscast Sandblast.
Nothing appears to happen.
The gnoll bouda barely misses you.
Unknown command.
Casting: Sandblast (safe; 4% risk of failure)
Confirm with . or Enter, or press ? or * to list all spells.
Aiming: Sandblast (safe; 4% risk of failure)
Press: ? - help, Shift-Dir - straight line, f/p - gnoll bouda
Aim: a gnoll bouda, wielding a +0 club and wearing a +0 leather armour (84% to hit)
You feel a surge of power!
The blast of sand hits the gnoll bouda.
The gnoll bouda is moderately wounded.
The gnoll bouda completely misses you.
The gnoll bouda hits you with a +0 club.
You hit the gnoll bouda but do no damage.
You grab the gnoll bouda.
The gnoll bouda is moderately wounded.
Your attacks no longer feel as feeble.
You constrict the gnoll bouda, but do no damage.
The gnoll bouda hits you with a +0 club!
You are too injured to fight recklessly!
Unknown command.
Casting: Sandblast (safe; 4% risk of failure)
Confirm with . or Enter, or press ? or * to list all spells.
Aiming: Sandblast (safe; 4% risk of failure)
Press: ? - help, Shift-Dir - straight line, f/p - gnoll bouda
Aim: a gnoll bouda, wielding a +0 club and wearing a +0 leather armour (moderately wounded, constricted by you, 100% to hit)
You feel a surge of power!
The blast of sand hits the gnoll bouda but does no damage.
The gnoll bouda is moderately wounded.
You constrict the gnoll bouda, but do no damage.
The gnoll bouda barely misses you.
The gnoll bouda hits you with a +0 club.
* * * LOW HITPOINT WARNING * * *
Unknown command.
Unknown command.
Okay, then.
It was a potion of ambrosia.
You are confused.
You feel invigorated.
You constrict the gnoll bouda.
The gnoll bouda hits you with a +0 club!
You die...

###########
.........#
##.#.....# #
!#...(..# #
#g#.....# #
#)#@..<.# #
#g)#g.....# #
#.##.#.....#
........##'##
###..######.###
##
#....)......#
..
#.#######.#.#
#. #
#.###.###.#.#
#.#...........#


You could see a gnoll bouda.

Vanquished Creatures
  An adder (D:2)
  A dart slug (D:2)
  5 ball pythons
  A giant cockroach (D:2)
  4 goblins
  A hobgoblin (D:1)
  4 jackals
  3 quokkas (D:1)
  6 bats
  A frilled lizard (D:1)
  3 kobolds
  3 rats (D:1)
33 creatures vanquished.

Notes
Turn   | Place    | Note
-------+----------+-------------------------------------------
     0 | D:1      | zenocrate the Octopode Earth Elementalist began the quest
                  | for the Orb.
     0 | D:1      | Reached XP level 1. HP: 11/11 MP: 3/3
   129 | D:1      | Reached XP level 2. HP: 7/18 MP: 1/5
   634 | D:1      | Reached skill level 1 in Fighting
   634 | D:1      | Reached XP level 3. HP: 23/23 MP: 6/6
   638 | D:1      | Learned a level 3 spell: Stone Arrow
  1167 | D:2      | Slain by a gnoll bouda

Illustrated notes

Levels and vault maps discovered:
D:1:      dpeg_arrival_long_road, layout_loops_ring
D:2:      layout_basic, minmay_small_reverse_x

Skill      XL: |  1  2 |
---------------+-------+-----
Stealth        | 3 |  3.2
Fighting       | 1 |  1.0
Dodging        | |  2.4
Unarmed Combat | |  0.8
Spellcasting   | |  2.3
Conjurations   | |  1.3
Earth Magic    | |  3.1
Shapeshifting  | |  0.1

Action                     || total
---------------------------++-------
  Melee: Dagger            ||    39
         Constrict         ||    15
         Tentacles         ||     7
         Unarmed           ||     1
         Staff             ||     3
   Cast: Sandblast         ||    13
    Use: Potion            ||     1
   Stab: Sleeping          ||     9
 Armour: Skin              ||    24
  Dodge: Dodged            ||    37

Table legend: (Time is in decaauts)
 A = Elapsed time spent in this place.
 B = Non-inter-level travel time spent in this place.
 C = Inter-level travel time spent in this place.
 D = Time resting spent in this place.
 E = Time spent auto-exploring this place.
 F = Levels seen in this place.
 G = Mean time per level.
                   A        B        C        D        E       F      G
               +--------+--------+--------+--------+--------+-----+--------+
         Total |   1160 |   1150 |     10 |      0 |    928 |   2 |  580.0 |
       Dungeon |   1160 |   1150 |     10 |      0 |    928 |   2 |  580.0 |
               +--------+--------+--------+--------+--------+-----+--------+

Top non-repeatable levels by time:
     D:1: 750 daAuts
     D:2: 409 daAuts
